 Dungeon Crawl Stone Soup version 0.31-a0-1074-g0b22e4e0f1 (webtiles) character file.

Game seed: 12698472986370446160

169 ianthina the Ducker (level 5, -10/29 HPs)
             Began as a Tengu Wanderer on Dec 7, 2023.
             Killed by divine providence
             ... invoked by an orc priest
              (14 damage)
             ... on level 3 of the Dungeon on Dec 8, 2023.
             The game lasted 00:25:02 (2012 turns).

ianthina the Ducker (Tengu Wanderer)                Turns: 2012, Time: 00:25:03

Health: -10/29     AC:  9    Str: 13    XL:     5   Next: 50%
Magic:  6/6        EV: 29    Int: 12    God:
Gold:   102        SH:  0    Dex: 23    Spells: 4/4 levels left

rFire   . . .        q - +0 short sword
rCold   . . .        (no shield)
rNeg    . . .        h - +3 ring mail "Zetzue" {Str+2}
rPois   .            (helmet restricted)
rElec   .            o - +0 cloak
rCorr   .            (no gloves)
SInv    .            (boots unavailable)
Will    .....        r - amulet of faith
Stlth   +            m - +6 ring of dexterity
HPRegen 0.24/turn    (no ring)
MPRegen 0.10/turn

%: acrobat, faith
@: acrobatic, studying Fighting
A: beak, talons 3, acrobatic
a: no special abilities


You were on level 3 of the Dungeon.
You visited 1 branch of the dungeon, and saw 3 of its levels.

You collected 102 gold pieces.

Inventory:

Hand Weapons
 a - a +0 sling
 f - a +0 dagger
 g - a +0 dagger
 k - a +0 dagger
 l - a +0 dagger
 q - a +0 short sword (weapon)
Missiles
 v - 14 stones
Armour
 b - a +2 leather armour
 h - the +3 ring mail "Zetzue" (worn) {Str+2}
   (You found it on level 2 of the Dungeon)

   Str+2:     It affects your strength (+2).
 o - a +0 cloak (worn)
 p - a +1 plate armour
Jewellery
 m - a +6 ring of dexterity (left hand)
 r - an amulet of faith (around neck)
Scrolls
 c - a scroll of fog
 s - 2 scrolls of identify
Potions
 d - a potion of berserk rage
 e - a potion of magic {unknown}
 i - 2 potions of curing
 j - a potion of lignification {unknown}
 w - a potion of heal wounds {unknown}


   Skills:
 + Level 1.4 Fighting
 + Level 1.4 Short Blades
 + Level 4.6 Ranged Weapons
 + Level 1.1 Armour
 + Level 6.0 Dodging
 + Level 0.4 Stealth
 + Level 3.0 Evocations


You had 4 spell levels left.
You didn't know any spells.
Your spell library contained the following spells:

 Spells                   Type           Power      Damage    Failure   Level
 Magic Dart               Conj           0%         1d3       56%         1
 Slow                     Hex            0%         N/A       56%         1
 Call Imp                 Summ           0%         N/A       71%         2
 Confusing Touch          Hex            0%         N/A       91%         3
 Mephitic Cloud           Conj/Pois/Air  0%         N/A       91%         3
 Sigil of Binding         Hex            0%         N/A       91%         3
 Vampiric Draining        Necr           0%         2d6       91%         3


Dungeon Overview and Level Annotations

Branches:
Dungeon (3/15)

Altars:

Shops:
D:1 [:

Annotations:
D:3 1 runed translucent door, Grinder


Innate Abilities, Weirdness & Mutations

You have a beak for a mouth.
You have claws for feet.
You can magically evade attacks while moving or waiting.


Message History

Beogh smites you!
You hit the orc priest but do no damage.
You peck the orc priest, but do no damage.
The orc hits you but does no damage.
The orc priest begins to cast a cantrip, but forgets the words!
You hit the orc.
The orc is severely wounded.
The orc closely misses you.
The orc priest hits you but does no damage.
Something hits you but does no damage. The orc attacks as it pursues you!
The orc closely misses you.
The orc priest calls upon Beogh to heal the orc.
The orc's wounds heal themselves!
There are monsters nearby!
You're too confused to move!
The orc hits you but does no damage. Something hits you.
You feel less confused.
Grinder blinks!
Something completely misses you.
You closely miss the orc. Your kick misses the orc. Your peck misses the orc.
The orc is heavily wounded.
An orc wizard appears from thin air!
Reactivating autopickup.
The orc barely misses you. The orc hits you but does no damage.
Grinder blinks!
You hit the orc.
The orc is severely wounded.
The orc wizard misses you. The orc hits you with a +0 club.
* * * LOW HITPOINT WARNING * * *
The orc hits you with a +0 mace.
* * * LOW HITPOINT WARNING * * *
The orc priest hits you but does no damage.
You hit the orc.
You kill the orc!
The orc wizard gestures wildly while chanting.
The orc wizard flickers and vanishes!
Deactivating autopickup; reactivate with Ctrl-A.
The orc misses you. The orc priest misses you. Something closely misses you.
The orc barely misses you.
The orc priest mumbles some strange prayers to Beogh against you.
Beogh smites you!
You die...

#..................###....
#....##...§...............
#....##...........# #....
#.o..##..)........# ##....
#.#####..........####.....
#o# #.....<.....####......
#.# #.......##.#..........
#o# #....o{o#.............
#o# #....@..#.##.).....÷..
#.# ###.#.#.#.##..........
##.# #..#.#.#.##.........>
#..# #.##.#.#.......÷.....
#..####.##.#...###.........
#..#....##.....###...##.###
##..#......|#.......####.#
#...#...÷.....#[#..#####.#
#......[.....÷.).........#


You could see an orc priest and an orc.

Vanquished Creatures
  An orc priest (D:3)
  4 gnolls (D:3)
  3 adders
  2 dart slugs
  5 orcs (D:3)
  3 ball pythons
  4 bats
  5 endoplasms
  5 giant cockroaches
  8 jackals
  2 quokkas
  A frilled lizard (D:2)
  7 goblins
  5 kobolds
  4 rats
  A spectral hobgoblin (D:2)
60 creatures vanquished.

Notes
Turn   | Place    | Note
-------+----------+-------------------------------------------
     0 | D:1      | ianthina the Tengu Wanderer began the quest for the Orb.
     0 | D:1      | ianthina set off with the following items: a +0 sling, a +2
                  | leather armour, a scroll of fog, a potion of berserk rage.
     0 | D:1      | Reached XP level 1. HP: 10/10 MP: 2/2
   153 | D:1      | Found Doorphyg's Book Shoppe.
   177 | D:1      | Reached XP level 2. HP: 15/15 MP: 3/3
   377 | D:1      | Found Abyuxzer's Armour Shop.
   769 | D:2      | Identified the +3 ring mail "Zetzue" {Str+2}
   831 | D:2      | Reached XP level 3. HP: 19/19 MP: 4/4
  1061 | D:2      | Found a faded altar of an unknown god.
  1255 | D:2      | Reached XP level 4. HP: 22/24 MP: 5/5
  1468 | D:3      | Noticed a phantom
  1469 | D:3      | Noticed a black bear
  1489 | D:3      | Found a runed translucent gate.
  1510 | D:3      | Identified a scroll of acquirement
  1510 | D:3      | Acquired a manual of Fighting
  1549 | D:3      | Reached skill level 1 in Short Blades
  1609 | D:3      | Reached skill level 1 in Fighting
  1609 | D:3      | Reached skill level 6 in Dodging
  1609 | D:3      | Reached XP level 5. HP: 7/29 MP: 6/6
  1833 | D:3      | Reached skill level 1 in Armour
  1958 | D:3      | Noticed Grinder
  2012 | D:3      | Killed from afar by an orc priest

Illustrated notes

Levels and vault maps discovered:
D:1:      minmay_arrival_loop, layout_basic, serial_shops,
          nicolae_shop_tiny_statue_garden, nicolae_shop_stone
D:2:      layout_basic, dreamdust_ecumenical_altar_drowned_temple
D:3:      layout_rooms, gammafunk_ghost_icy, lightli_corner_chamber,
          uniq_grinder

Skill      XL: |  1  2  3  4  5 |
---------------+----------------+-----
Ranged Weapons | 3 4 |  4.6
Short Blades   | 1 |  1.4
Fighting       | 1 |  1.4
Dodging        | 6 |  6.0
Armour         | 1 |  1.1
Stealth        | |  0.4
Evocations     | |  3.0

Action                     |  1- 3 |  4- 6 || total
---------------------------+-------+-------++-------
  Melee: Short sword       |    33 |    53 ||    86
         Peck              |     5 |    10 ||    15
         Kick              |     6 |    22 ||    28
         Punch             |     1 |       ||     1
   Fire: Sling             |    65 |    52 ||   117
    Use: Scroll            |     3 |     4 ||     7
 Armour: Leather armour    |    10 |       ||    10
         Plate armour      |    17 |       ||    17
         Ring mail         |    14 |    58 ||    72
  Dodge: Dodged            |    54 |   129 ||   183

Table legend: (Time is in decaauts)
 A = Elapsed time spent in this place.
 B = Non-inter-level travel time spent in this place.
 C = Inter-level travel time spent in this place.
 D = Time resting spent in this place.
 E = Time spent auto-exploring this place.
 F = Levels seen in this place.
 G = Mean time per level.
                   A        B        C        D        E       F      G
               +--------+--------+--------+--------+--------+-----+--------+
         Total |   2050 |    620 |   1430 |      0 |      0 |   3 |  683.3 |
       Dungeon |   2050 |    620 |   1430 |      0 |      0 |   3 |  683.3 |
               +--------+--------+--------+--------+--------+-----+--------+

Top non-repeatable levels by time:
     D:2: 927 daAuts
     D:1: 645 daAuts
     D:3: 477 daAuts
